 Dungeon Crawl Stone Soup version 0.22-a0-422-g9628fc8 (webtiles) character file.

100 Borgoz the Skirmisher (level 4, -2/29 HPs)
             Began as a Gargoyle Abyssal Knight on May 19, 2018.
             Was a Believer of Lugonu.
             Slain by an ogre
             ... wielding a +0 giant club
              (28 damage)
             ... on level 3 of the Dungeon on May 20, 2018.
             The game lasted 00:03:16 (2283 turns).

Borgoz the Skirmisher (Gargoyle Abyssal Knight)     Turns: 2283, Time: 00:03:18

Health: -2/29      AC:  6    Str: 15    XL:     4   Next: 74%
Magic:  6/6        EV: 12    Int: 13    God:    Lugonu [**....]
Gold:   133        SH:  0    Dex: 10    Spells: 3/3 levels left

rFire    . . .     SeeInvis .   a - +1 hand axe
rCold    . . .     Gourm    .   (no shield)
rNeg     + . .     Faith    .   b - +0 leather armour
rPois    ∞         Spirit   .   (no helmet)
rElec    +         Reflect  .   (no cloak)
rCorr    .         Harm     .   (no gloves)
MR       .....                  (no boots)
Stlth    +.........             (no amulet)
HPRegen  0.09/turn              (no ring)
MPRegen  0.10/turn              (no ring)

@: no status effects
A: negative energy resistance 1, electricity resistance, unbreathing,
petrification resistance, rot immunity, AC +3
a: Depart the Abyss, Bend Space, Renounce Religion


You were on level 3 of the Dungeon.
You worshipped Lugonu.
Lugonu was pleased with you.
You were not hungry.

You visited 1 branch of the dungeon, and saw 3 of its levels.
You visited the Abyss 1 time.

You collected 133 gold pieces.

Inventory:

Hand Weapons
 a - a +1 hand axe (weapon)
Armour
 b - a +0 leather armour (worn)
Scrolls
 d - 3 scrolls of immolation {unknown}
 e - 3 scrolls of identify {unknown}
 f - a scroll of fear {unknown}
 h - a scroll of enchant weapon {unknown}
 l - a scroll of enchant armour {unknown}
Potions
 g - 4 potions of curing {unknown}
 j - 2 potions of haste {unknown}
 k - a potion of agility {unknown}
 m - a potion of invisibility {unknown}
 n - a potion of mutation {unknown}
Comestibles
 c - 4 rations


   Skills:
 + Level 3.7 Fighting
 * Level 2.6 Axes
 + Level 2.9 Armour
 * Level 1.9 Dodging
 + Level 2.7 Invocations


You had 3 spell levels left.
You didn't know any spells.
Your spell library contained the following spells:

 Spells                   Type           Power        Failure   Level  Hunger
 Apportation              Tloc           #.....       36%         1    ##.....
 Summon Small Mammal      Summ           #...         36%         1    ##.....
 Animate Skeleton         Necr           N/A          36%         1    ##.....
 Confusing Touch          Hex            #.....       36%         1    ##.....


Dungeon Overview and Level Annotations

Branches:
Dungeon (3/15)

Altars:
Gozag


Innate Abilities, Weirdness & Mutations

You are resistant to torment.
Your stone body is resilient. (AC +3)
You are immune to poison.
You resist negative energy. (rN+)
You are resistant to electric shocks. (rElec)
You can survive without breathing.
You are immune to petrification.
You are immune to rotting.


Message History

No target in view!
No target in view!
There is a stone staircase leading up here.
Found a runed war axe.
An ogre comes into view. It is wielding a giant club.
The ogre shouts!
An ogre is nearby!
A worm and a hobgoblin come into view.
The hobgoblin shouts!
Found a scroll labeled ZIPOET ZOAF.
You hit the ogre.
The ogre is moderately wounded.
The ogre misses you.
You slash the ogre!
The ogre is heavily wounded.
You hit the hobgoblin.
The hobgoblin hits you but does no damage.
The ogre hits you with a giant club!!
Ouch! That really hurt!
You die...

#..... .
#...? #.
##.... ...
#....
#..w#....
........##
..#...)g.#
#.....O@.#
.........##
..........##
...........#
.....#.#..##
..........#
#..#.....###
.........#
...#.#.#.#


You could see an ogre, a worm and a hobgoblin.

Vanquished Creatures
  2 adders
  A worm (D:2)
  2 dart slugs
  4 leopard geckos
  4 orcs (D:3)
  6 bats
  7 hobgoblins
  6 jackals
  4 frilled lizards
  13 goblins
  5 kobolds
  9 rats
63 creatures vanquished.

Notes
Turn   | Place    | Note
-------+----------+-------------------------------------------
     0 | Abyss:1  | Borgoz the Gargoyle Abyssal Knight began the quest for the Orb.
     0 | Abyss:1  | Reached XP level 1. HP: 14/14 MP: 2/2
   143 | Abyss:1  | Found a corrupted altar of Lugonu.
   153 | Abyss:1  | Noticed a ynoxinul
   160 | D:1      | Escaped the Abyss
   292 | D:1      | Reached skill level 1 in Dodging
   341 | D:1      | Reached XP level 2. HP: 11/19 MP: 3/3
   657 | D:1      | Reached * piety under Lugonu
   801 | D:1      | Reached XP level 3. HP: 21/23 MP: 4/4
  1698 | D:2      | Reached XP level 4. HP: 26/28 MP: 5/5
  2112 | D:3      | Reached ** piety under Lugonu
  2152 | D:3      | Found an opulent altar of Gozag.
  2278 | D:3      | Noticed an ogre
  2283 | D:3      | Slain by an ogre

Vault maps used:
D:1:      ncdulo_smallfort, minmay_pentomino_s2
D:3:      first_ration, nicolae_gozag_cash_rules_everything_around_me
Abyss:1:  bh_abyss_exit_spiral, minivault_1

Skill      XL: |  1 |
---------------+----+-----
Dodging        | 1 |  1.9
Axes           | 2 |  2.6
Fighting       | |  3.7
Armour         | |  2.9
Invocations    | |  2.7

Action                   |  1- 3 |  4- 6 || total
-------------------------+-------+-------++-------
Melee: Hand axe          |   132 |    80 ||   212
Invok: Depart the Abyss  |     1 |       ||     1
  Eat: Chunk             |     3 |     2 ||     5
Armor: Leather armour    |    62 |    34 ||    96
Dodge: Dodged            |    81 |    44 ||   125

Table legend:
 A = Spawn XP
 B = Non-spawn XP
 C = Spawn XP percentage of total XP
 D = Spawn monster count
 E = Non-spawn monster count
 F = Spawn count percentage of total count
 G = Total turns spent on level
                    A         B        C        D         E        F      G
               +---------+---------+-------+---------+---------+-------+---------
         Total |       0 |     144 |   0.0 |       0 |      63 |   0.0 |  2283
               +---------+---------+-------+---------+---------+-------+---------
           D:1 |       0 |      42 |   0.0 |       0 |      24 |   0.0 |  1046
           D:2 |       0 |      61 |   0.0 |       0 |      25 |   0.0 |   890
           D:3 |       0 |      41 |   0.0 |       0 |      14 |   0.0 |   187
               +---------+---------+-------+---------+---------+-------+---------
